 Dungeon Crawl Stone Soup version 0.31-a0-1570-g93c622d222 (webtiles) character file.

Game seed: 7742466359616270953

17176 pokeman the Eclecticist (level 12, -2/69 HPs)
             Began as a Deep Elf Hedge Wizard on Jan 3, 2024.
             Was a Priest of Vehumet.
             Slain by a wraith (9 damage)
             ... led by Josephine
             ... on level 11 of the Dungeon.
             The game lasted 00:33:56 (11636 turns).

pokeman the Eclecticist (Deep Elf Hedge Wizard)    Turns: 11636, Time: 00:33:57

Health: -2/69      AC:  7    Str:  7    XL:     12   Next: 16%
Magic:  18/35      EV: 13    Int: 25    God:    Vehumet [***...]
Gold:   495        SH:  5    Dex: 14    Spells: 30/45 levels left

rFire   . . .        g - +1 short sword (venom)
rCold   . . .        (no shield)
rNeg    . . .        b - +0 robe
rPois   +            C - +1 helmet
rElec   .            (no cloak)
rCorr   +            F - +0 pair of gloves
SInv    .            l - +0 pair of boots
Will    +....        H - amulet of reflection
Stlth   ++           o - ring of poison resistance
HPRegen 0.31/turn    r - ring of resist corrosion
MPRegen 0.24/turn

%: reflection
@: marked, slowed, very slow
A: no striking features
a: Renounce Religion


You were on level 11 of the Dungeon.
You worshipped Vehumet.
Vehumet was most pleased with you.
You visited 2 branches of the dungeon, and saw 12 of its levels.
You also visited: Sewer.

You collected 495 gold pieces.

Inventory:

Hand Weapons
 g - a +1 short sword of venom (weapon)
 Q - a +1 dagger of pain
Missiles
 I - 2 throwing nets
 P - a curare-tipped dart
Armour
 b - a +0 robe (worn)
 l - a +0 pair of boots (worn)
 C - a +1 helmet (worn)
 F - a +0 pair of gloves (worn)
Jewellery
 c - an amulet of regeneration
 i - a ring of ice
 n - an amulet of faith
 o - a ring of poison resistance (left hand)
 r - a ring of resist corrosion (right hand)
 H - an amulet of reflection (around neck)
 R - an amulet of the acrobat
Wands
 m - a wand of flame (57)
 q - a wand of paralysis (22)
 L - a wand of mindburst (2)
Scrolls
 e - 14 scrolls of identify {unknown}
 f - 2 scrolls of enchant weapon {unknown}
 h - 3 scrolls of amnesia {unknown}
 k - 4 scrolls of teleportation {unknown}
 p - 2 scrolls of poison {unknown}
 s - 2 scrolls of enchant armour {unknown}
 t - 3 scrolls of blinking {unknown}
 v - 2 scrolls of fear {unknown}
 w - 2 scrolls of fog {unknown}
 y - a scroll of butterflies {unknown}
 B - 2 scrolls of vulnerability {unknown}
 J - a scroll of brand weapon {unknown}
Potions
 a - 7 potions of curing
 d - 2 potions of magic
 j - a potion of attraction {unknown}
 u - 4 potions of heal wounds {unknown}
 x - 2 potions of invisibility {unknown}
 z - 2 potions of mutation {unknown}
 A - 2 potions of might {unknown}
 D - 2 potions of brilliance {unknown}
 E - a potion of ambrosia {unknown}
 G - a potion of degeneration {unknown}
 K - a potion of cancellation {unknown}
 M - a potion of haste {unknown}
 N - a potion of enlightenment {unknown}
 O - a potion of lignification {unknown}


   Skills:
 + Level 5.8 Fighting
 - Level 5.0 Armour
 - Level 3.3 Dodging
 - Level 3.0 Stealth
 * Level 17.3 Spellcasting
 + Level 10.3 Conjurations
 - Level 1.1 Summonings
 - Level 1.1 Translocations
 + Level 6.9 Fire Magic
 - Level 1.0 Air Magic
 - Level 1.0 Earth Magic
 - Level 1.0 Alchemy
 - Level 2.0 Evocations


You had 30 spell levels left.
You knew the following spells:

 Your Spells              Type           Power      Damage    Failure   Level
a - Magic Dart            Conj           100%       1d8       1%          1
b - Mephitic Cloud        Conj/Alch/Air  42%        N/A       1%          3
c - Call Imp              Summ           54%        N/A       2%          2
d - Blink                 Tloc           54%        N/A       2%          2
e - Flame Wave            Conj/Fire      59%        2d14      1%          4
f - Stone Arrow           Conj/Erth      98%        3d13      1%          3

Your spell library contained the following spells:

 Spells                   Type           Power      Damage    Failure   Level
 Apportation              Tloc           54%        N/A       1%          1
 Sting                    Conj/Alch      100%       1d9       1%          1
 Summon Small Mammal      Summ           100%       N/A       1%          1
 Scorch                   Fire           100%       2d9       1%          2
 Searing Ray              Conj           100%       2d8       1%          2
 Hailstorm                Conj/Ice       47%        3d10      1%          3
 Fulminant Prism          Conj/Alch      25%        3d14      1%          4
 Arcjolt                  Conj/Air       25%        1d35      1%          5
 Necrotise                Necr           84%        1d8       2%          1
 Slow                     Hex            84%        N/A       2%          1
 Cigotuvi's Dreadful Rot  Necr/Alch/Air  50%        N/A       2%          2
 Fugue of the Fallen      Necr           21%        N/A       7%          3
 Ozocubu's Armour         Ice            21%        N/A       7%          3
 Manifold Assault         Tloc           27%        N/A       14%         4
 Vhi's Electric Charge    Tloc/Air       52%        N/A       16%         4
 Plasma Beam              Fire/Air       20%        2x1d32    17%         6
 Alistair's Intoxication  Alch           17%        N/A       38%         5
 Spellforged Servitor     Conj/Summ      25%        N/A       41%         7
 Borgnjor's Vile Clutch   Necr/Erth      12%        N/A       45%         5
 Eringya's Noxious Bog    Alch           13%        4d6       50%         6
 Summon Cactus Giant      Summ           13%        N/A       92%         6
 Haunt                    Necr/Summ      12%        N/A       100%        7


Dungeon Overview and Level Annotations

Branches:
Dungeon (11/15)            Temple (1/1) D:5            Lair (0/5) D:9
  Sewer (visited)
    Orc: D:9-12

Altars:
Ashenzari
Cheibriados
Dithmenos
Elyvilon
Fedhas
Gozag
Hepliaklqana
Kikubaaqudgha
Makhleb
Nemelex Xobeh
Okawaru
Qazlal
Ru
Sif Muna
Trog
Uskayaw
Vehumet
Wu Jian
Xom
Yredelemnul
Zin
The Shining One

Annotations:
D:11 Josephine


Message History

The orc warrior appears confused.
The orc is engulfed in noxious fumes.
The orc hits you with a +0 war axe.
* * * LOW HITPOINT WARNING * * *
The gnoll is engulfed in noxious fumes.
The gnoll appears confused.
The gnoll misses the wraith.
The ogre is engulfed in noxious fumes.
The ogre appears confused.
The ogre barely misses you.
The ogre hits itself with a +0 giant club!
Unknown command.
The wraith attacks as it pursues you! The wraith barely misses you.
The ogre looks very confused.
The orc warrior unwields a +0 hand axe.
The orc warrior wields a +0 arbalest.
The orc warrior shoots a bolt.
You block the bolt with an invisible shield... and reflect it back!
The bolt hits the orc warrior!
The orc warrior is engulfed in noxious fumes.
The orc warrior appears confused.
The orc warrior hits the gnoll with a +0 mace!
The orc is engulfed in noxious fumes.
The orc appears confused.
The orc suddenly looks very angry at the Dungeon.
The gnoll is engulfed in noxious fumes.
Unknown command.
The wraith attacks as it pursues you! The wraith hits you.
* * * LOW HITPOINT WARNING * * *
The wraith drains your vigour!
You feel yourself slow down.
The two-headed ogre is engulfed in noxious fumes.
The two-headed ogre appears confused.
The two-headed ogre hits the wraith with a +0 giant club!!
The two-headed ogre hits the wraith with a +0 giant spiked club!!
The wraith is destroyed!
Vehumet accepts your kill.
You feel your power returning.
An orc warrior comes into view. It is wielding a +0 hand axe.
The orc warrior is engulfed in noxious fumes.
The orc warrior appears confused.
The gnoll is engulfed in noxious fumes.
The gnoll appears confused.
Unknown command.
The orc warrior shoots a bolt.
The bolt hits you.
* * * LOW HITPOINT WARNING * * *
The wraith attacks as it pursues you! The wraith hits you!
You die...

##### #.Bo##
##############.#O§##
........l...W'W#og○##
......O.....B#.#O°..##
##########l.##o#§§§o.#
@.....# #.W.#..#○§§..#..
.W....###WY.#..#W.g!g...
####..##...##..#@..O.#o.
.. #..#B...#...#.....#..
.. #.WW...##...#.###.o..
..##†...###)...#.# ....
#..####..[...#.# .## .
#'##.........#.# #
.##........[...#..
.#.................
##..........####.##


You could see a boulder beetle, a two-headed ogre (confused), a wraith, 2 orc
warriors, 2 ogres, a gnoll sergeant, 2 gnolls and 2 orcs.

Vanquished Creatures
  Fannar (D:11)
  A hydra (D:11)
  A boulder beetle (D:11)
  6 two-headed ogres (D:11)
  Urug (D:10)
  Pikel (D:7)
  A cyclops (D:11)
  2 manticores (D:11)
  A gargoyle (D:11)
  An unseen horror (D:11)
  Jeremiah (D:7)
  A kobold demonologist (D:11)
  A hornet (D:10)
  5 trolls
  A shadow (D:10)
  Sigmund (D:2)
  A wraith (D:11)
  9 yaks
  A basilisk (D:11)
  A wyvern (D:11)
  Menkaure (D:6)
  3 water moccasins
  An acid dragon (D:8)
  Duvessa (D:6)
  Pargi (Sewer)
  5 orc warriors
  An ice beast (D:5)
  2 black bears
  3 centaurs
  2 sky beasts (D:7)
  2 ogres
  2 wolves (D:9)
  2 phantoms
  3 kobold brigands
  A bullfrog (D:6)
  A gnoll sergeant (D:8)
  4 scorpions
  4 wights (D:10)
  Dowan (D:6)
  15 killer bees
  6 howler monkeys
  A bombardier beetle (D:3)
  3 gnoll boudas
  5 jellies
  11 orc priests
  2 sleepcaps
  3 iguanas
  11 orc wizards
  3 adders
  18 gnolls
  2 ribbon worms (D:2)
  39 orcs
  3 endoplasms
  3 giant cockroaches
  3 goblins (D:2)
  9 hobgoblins
  3 jackals (Sewer)
  29 kobolds
  8 quokkas
  8 ball pythons
  7 bats
  6 frilled lizards
  7 rats
283 creatures vanquished.

Vanquished Creatures (collateral kills)
  An adder (D:6)
1 creature vanquished.

Grand Total: 284 creatures vanquished

Notes
Turn   | Place    | Note
-------+----------+-------------------------------------------
     0 | D:1      | pokeman the Deep Elf Hedge Wizard began the quest for the
                  | Orb.
     0 | D:1      | Reached XP level 1. HP: 10/10 MP: 7/7
   170 | D:1      | Reached XP level 2. HP: 14/15 MP: 1/9
   498 | D:1      | Found a faded altar of an unknown god.
   948 | D:1      | Reached skill level 5 in Spellcasting
  1079 | D:2      | Reached XP level 3. HP: 20/20 MP: 3/11
  1083 | D:2      | Learned a level 3 spell: Mephitic Cloud
  1086 | D:2      | Learned a level 2 spell: Call Imp
  1089 | D:2      | Learned a level 2 spell: Blink
  1496 | D:2      | Noticed Sigmund
  1729 | D:2      | Reached skill level 1 in Fighting
  2357 | D:2      | Killed Sigmund
  2358 | D:2      | Reached skill level 1 in Armour
  2358 | D:2      | Reached skill level 6 in Spellcasting
  2358 | D:2      | Reached XP level 4. HP: 25/25 MP: 8/14
  2358 | D:2      | Reached XP level 5. HP: 29/29 MP: 8/15
  2687 | D:3      | Found an iron altar of Okawaru.
  3322 | D:3      | Found a glowing golden altar of the Shining One.
  3466 | D:4      | Noticed a phantom
  3495 | D:3      | Killed a phantom
  3496 | D:3      | Reached skill level 1 in Air Magic
  3496 | D:3      | Reached skill level 1 in Alchemy
  3496 | D:3      | Reached XP level 6. HP: 30/34 MP: 1/17
  3700 | D:4      | Found a shadowy altar of Dithmenos.
  3712 | D:4      | Reached skill level 7 in Spellcasting
  3761 | D:4      | Reached skill level 1 in Evocations
  3790 | D:4      | Reached XP level 7. HP: 31/38 MP: 3/20
  3831 | D:4      | Reached skill level 8 in Spellcasting
  3974 | D:4      | You fall into a shaft and drop 2 floors!
  4023 | D:6      | Noticed Menkaure
  4173 | D:6      | Found a glowing drain.
  4178 | Sewer    | Entered a sewer
  4367 | Sewer    | Noticed Pargi
  4378 | Sewer    | Killed Pargi
  4379 | Sewer    | Reached skill level 9 in Spellcasting
  4379 | Sewer    | Reached XP level 8. HP: 44/44 MP: 16/23
  4498 | D:6      | Killed Menkaure
  4602 | D:6      | Reached skill level 5 in Conjurations
  4635 | D:5      | Entered Level 5 of the Dungeon
  4722 | D:5      | Found a staircase to the Ecumenical Temple.
  4743 | Temple   | Entered the Ecumenical Temple
  4750 | Temple   | Reached skill level 10 in Spellcasting
  5525 | D:5      | Found a radiant altar of Vehumet.
  5529 | D:5      | Became a worshipper of Vehumet
  5533 | D:5      | Found a white marble altar of Elyvilon.
  5537 | D:5      | Found an opulent altar of Gozag.
  5615 | D:5      | Reached skill level 11 in Spellcasting
  5755 | D:6      | Reached XP level 9. HP: 50/50 MP: 22/26
  6182 | D:6      | Noticed Dowan
  6184 | D:6      | Noticed Duvessa
  6198 | D:6      | Killed Duvessa
  6204 | D:6      | Killed Dowan
  6453 | D:7      | Noticed a troll
  6465 | D:7      | Reached skill level 12 in Spellcasting
  6474 | D:7      | Killed a troll
  6549 | D:7      | Noticed Pikel
  6570 | D:7      | Killed Pikel
  6596 | D:7      | Reached skill level 13 in Spellcasting
  6700 | D:7      | Noticed Jeremiah
  6715 | D:7      | Killed Jeremiah
  6715 | D:7      | Reached * piety under Vehumet
  6715 | D:7      | Offered knowledge of Sandblast by Vehumet.
  7244 | D:8      | Learned a level 4 spell: Flame Wave
  7420 | D:8      | Reached XP level 10. HP: 53/56 MP: 18/29
  7450 | D:8      | Reached skill level 1 in Fire Magic
  7572 | D:8      | Offered knowledge of Static Discharge by Vehumet.
  7581 | D:8      | Reached ** piety under Vehumet
  7718 | D:8      | Got Mufofo's Grimoire of Bruises and Maleficent Rites
  7723 | D:8      | Learned a level 3 spell: Stone Arrow
  7994 | D:9      | Reached skill level 14 in Spellcasting
  7994 | D:9      | Reached skill level 1 in Earth Magic
  8410 | D:9      | Found a staircase to the Lair.
  8771 | D:10     | Entered Level 10 of the Dungeon
  9065 | D:10     | Offered knowledge of Mercury Vapours by Vehumet.
  9417 | D:10     | Noticed Urug
  9420 | D:10     | Reached skill level 15 in Spellcasting
 10229 | D:10     | Killed Urug
 10230 | D:10     | Reached XP level 11. HP: 61/61 MP: 17/32
 10318 | D:11     | Reached skill level 5 in Armour
 10439 | D:11     | Reached *** piety under Vehumet
 10442 | D:11     | Noticed a two-headed ogre
 10450 | D:11     | Killed a two-headed ogre
 10481 | D:11     | Noticed a two-headed ogre
 10488 | D:11     | Killed a two-headed ogre
 10489 | D:11     | Reached skill level 5 in Fire Magic
 10817 | D:11     | Reached skill level 16 in Spellcasting
 10890 | D:11     | Noticed a two-headed ogre
 10896 | D:11     | Killed a two-headed ogre
 10990 | D:11     | Noticed a two-headed ogre
 10992 | D:11     | Reached skill level 5 in Fighting
 10999 | D:11     | Killed a two-headed ogre
 11019 | D:11     | Noticed a boulder beetle
 11141 | D:11     | Noticed a two-headed ogre
 11150 | D:11     | Killed a two-headed ogre
 11159 | D:11     | Offered knowledge of Fulminant Prism by Vehumet.
 11178 | D:11     | Killed a boulder beetle
 11351 | D:11     | Noticed an eight-headed hydra
 11574 | D:11     | Reached skill level 10 in Conjurations
 11574 | D:11     | Killed an eight-headed hydra
 11575 | D:11     | Reached skill level 17 in Spellcasting
 11575 | D:11     | Reached XP level 12. HP: 68/68 MP: 23/35
 11584 | D:11     | Noticed a two-headed ogre
 11587 | D:11     | Noticed Fannar
 11598 | D:11     | Noticed a two-headed ogre
 11600 | D:11     | Noticed a two-headed ogre
 11601 | D:11     | Noticed Josephine
 11602 | D:11     | Killed Fannar
 11608 | D:11     | Killed a two-headed ogre
 11621 | D:11     | Noticed a boulder beetle
 11636 | D:11     | Slain by a wraith

Illustrated notes

Levels and vault maps discovered:
D:1:      erik_arrival_cave_to_civilisation [erik_arrival_cave_to_hall],
          layout_rooms, chequers_ecumenical_altar_simple_redux
D:2:      wad_lake_hut, layout_basic, wad_floor_pattern_1, uniq_sigmund
D:3:      layout_loops_ring, general_overflow_altar, okawaru_ov_weapons_minmay,
          chequers_serial_rivers_micro_a, minmay_misc_feat_alley,
          chequers_serial_rivers_micro_e, st_stairs_12, minmay_cut_off
D:4:      layout_rooms, nicolae_dithmenos_shadow_blocks
D:5:      layout_rooms, grunt_temple_overflow_diamond,
          minmay_temple_entry_drinking_statues
D:6:      layout_basic, mainiacjoe_sewer_entry_somewhere_in_here_2,
          uniq_duvessa, uniq_menkaure
D:7:      layout_cave_pools, minmay_misc_feat_enclosed, uniq_pikel,
          uniq_jeremiah
D:8:      layout_rooms, dk_noncrumbling_3, grunt_decor_fettered
D:9:      layout_gridville, erik_lair_orcish_takeover, roderic_roman_lattice
D:10:     layout_loops_ring, uniq_urug
D:11:     minmay_quarter_circles, layout_rooms,
          kennysheep_orc_monster_closet_entryway, serial_shops, shop,
          uniq_josephine, uniq_fannar
Temple:   kb_temple_of_zot

Skill      XL: |  1  2  3  4  5  6  7  8  9 10 11 |
---------------+----------------------------------+-----
Spellcasting   | 5 6 7 9 11 13 15 17 | 17.3
Fighting       | 1 2 3 4 5 |  5.8
Armour         | 1 2 3 4 5 |  5.0
Dodging        | 3 |  3.3
Conjurations   | 2 3 4 6 7 8 10 | 10.3
Air Magic      | 1 |  1.0
Alchemy        | 1 |  1.0
Stealth        | 3 |  3.0
Evocations     | 1 2 |  2.0
Fire Magic     | 4 6 |  6.9
Earth Magic    | 1 |  1.0
Summonings     | |  1.1
Translocations | |  1.1

Action                     |  1- 3 |  4- 6 |  7- 9 | 10-12 || total
---------------------------+-------+-------+-------+-------++-------
  Melee: Dagger            |     8 |       |       |       ||     8
         Short sword       |     7 |    31 |   229 |   114 ||   381
         Punch             |       |     1 |     5 |     3 ||     9
   Cast: Magic Dart        |    89 |    82 |   140 |    16 ||   327
         Mephitic Cloud    |     2 |     3 |    39 |    41 ||    85
         Call Imp          |       |       |     4 |       ||     4
         Blink             |       |       |     4 |     1 ||     5
         Flame Wave        |       |       |     3 |    20 ||    23
         Stone Arrow       |       |       |       |    83 ||    83
  Evoke: Wand              |       |       |       |     2 ||     2
    Use: Potion            |       |       |     1 |       ||     1
   Stab: Confused          |       |     1 |    28 |     9 ||    38
         Sleeping          |       |       |     3 |       ||     3
 Armour: Robe              |    11 |    29 |   169 |   103 ||   312
  Dodge: Dodged            |    13 |    25 |   165 |    84 ||   287
  Block: Other             |       |       |       |    27 ||    27
         Reflection        |       |       |       |     6 ||     6

Table legend: (Time is in decaauts)
 A = Elapsed time spent in this place.
 B = Non-inter-level travel time spent in this place.
 C = Inter-level travel time spent in this place.
 D = Time resting spent in this place.
 E = Time spent auto-exploring this place.
 F = Levels seen in this place.
 G = Mean time per level.
                   A        B        C        D        E       F      G
               +--------+--------+--------+--------+--------+-----+--------+
         Total |  11713 |  11315 |    398 |    934 |   7913 |  13 |  901.0 |
       Dungeon |  11360 |  10962 |    398 |    903 |   7650 |  11 | 1032.7 |
        Temple |     32 |     32 |      0 |     17 |      0 |   1 |   32.0 |
         Sewer |    320 |    320 |      0 |     14 |    263 |   1 |  320.0 |
               +--------+--------+--------+--------+--------+-----+--------+

Top non-repeatable levels by time:
     D:2: 1552 daAuts
    D:10: 1528 daAuts
    D:11: 1336 daAuts
     D:6: 1105 daAuts
     D:1: 1065 daAuts
     D:3: 1032 daAuts
     D:9: 798 daAuts
     D:8: 786 daAuts
     D:7: 738 daAuts
     D:4: 730 daAuts
     D:5: 683 daAuts
   Sewer: 320 daAuts
  Temple: 32 daAuts
